 Dungeon Crawl Stone Soup version 0.31-b1-22-gc680215f68 (webtiles) character file.

Game seed: 7511059684569337374

25 Arctor the Vexing (level 3, -3/28 HPs)
             Began as a Gnoll Hexslinger on Jan 18, 2024.
             Slain by a hound (4 damage)
             ... on level 2 of the Dungeon.
             The game lasted 00:00:45 (433 turns).

Arctor the Vexing (Gnoll Hexslinger)                 Turns: 433, Time: 00:00:45

Health: -3/28      AC:  2    Str:  7    XL:     3   Next: 4%
Magic:  7/7        EV: 14    Int: 12    God:
Gold:   41         SH:  0    Dex: 16    Spells: 7/7 levels left

rFire   . . .        i - +1 spear (heavy)
rCold   . . .        (no shield)
rNeg    . . .        c - +0 robe
rPois   .            (no helmet)
rElec   .            (no cloak)
rCorr   .            (no gloves)
SInv    .            (no boots)
Will    .....        (no amulet)
Stlth   ++           (no ring)
HPRegen 0.24/turn    (no ring)
MPRegen 0.10/turn

%: no passive effects
@: no status effects
A: fangs 1, strong nose, distributed training
a: no special abilities


You were on level 2 of the Dungeon.
You visited 1 branch of the dungeon, and saw 2 of its levels.

You collected 41 gold pieces.

Inventory:

Hand Weapons
 a - a +1 sling
 i - a +1 heavy spear (weapon)
Armour
 c - a +0 robe (worn)
Magical Staves
 j - a staff of earth
Scrolls
 b - a scroll of poison
Potions
 g - 2 potions of resistance {unknown}
 h - a potion of lignification {unknown}


   Skills:
 + Level 2.5 Fighting
 + Level 0.6 Short Blades
 + Level 0.6 Long Blades
 + Level 0.6 Axes
 + Level 0.6 Maces & Flails
 + Level 0.6 Polearms
 + Level 0.6 Staves
 + Level 4.5 Ranged Weapons
 + Level 0.6 Throwing
 + Level 0.6 Armour
 + Level 4.5 Dodging
 + Level 0.6 Stealth
 + Level 0.6 Shields
 + Level 0.6 Unarmed Combat
 + Level 2.8 Spellcasting
 + Level 0.4 Conjurations
 + Level 5.4 Hexes
 + Level 0.4 Summonings
 + Level 0.4 Necromancy
 + Level 0.4 Translocations
 + Level 2.1 Fire Magic
 + Level 0.4 Ice Magic
 + Level 0.4 Air Magic
 + Level 0.4 Earth Magic
 + Level 0.4 Alchemy
 + Level 0.8 Invocations
 + Level 0.6 Evocations
 + Level 0.5 Shapeshifting


You had 7 spell levels left.
You didn't know any spells.
Your spell library contained the following spells:

 Spells                   Type           Power      Damage    Failure   Level
 Jinxbite                 Hex            28%        N/A       4%          2
 Sigil of Binding         Hex            14%        N/A       9%          3
 Inner Flame              Hex/Fire       10%        N/A       16%         3
 Magic Dart               Conj           8%         1d3       21%         1
 Cause Fear               Hex            7%         N/A       26%         4
 Blink                    Tloc           4%         N/A       30%         2
 Call Imp                 Summ           4%         N/A       30%         2
 Dimensional Bullseye     Hex/Tloc       4%         N/A       58%         4


Dungeon Overview and Level Annotations

Branches:
Dungeon (2/15)

Altars:


Innate Abilities, Weirdness & Mutations

You have very sharp teeth.
Your uncanny sense of smell can sniff out nearby items.
Your experience applies equally to all skills.


Message History

The hound is lightly wounded.
Your surroundings seem slightly different.
An adder comes into view.
The hobgoblin hits you but does no damage.
You closely miss the hobgoblin. The hobgoblin closely misses you.
The adder misses you. The hound bites you. The hobgoblin closely misses you.
You closely miss the hound. Your punch misses the hound. You bite the hound.
The hound is moderately wounded.
The adder barely misses you. The hound bites you. The adder barely misses you.
The hobgoblin misses you. The hound barely misses you.
You hit the hound.
The hound is moderately wounded.
The hound barely misses you. The adder bites you. The hobgoblin hits you.
The hound bites you. The adder closely misses you.
The hobgoblin barely misses you. The hound bites you.
The adder closely misses you.
You closely miss the hound.
The hound is moderately wounded.
The hound closely misses you. The adder bites you. The hobgoblin misses you.
The hound barely misses you. The adder bites you but does no damage.
The hobgoblin hits you.
You closely miss the hound.
The hound is moderately wounded.
The hound bites you but does no damage. The adder bites you but does no damage.
The hound bites you but does no damage. The hobgoblin barely misses you.
The adder bites you but does no damage. The hound misses you.
Found a chain mail.
The adder bites you.
The hobgoblin attacks as it pursues you!
The hobgoblin hits you. The hound bites you.
* * * LOW HITPOINT WARNING * * *
The hound bites you.
* * * LOW HITPOINT WARNING * * *
The adder bites you.
* * * LOW HITPOINT WARNING * * *
Unknown command.
You don't know any spells.
Sorry, you're not good enough to have a special ability.
The hound attacks as it pursues you! The hound bites you.
You die...

,*,*,,,* *,,*,,,,,******
,,,**,********,,,,,*,,*,*
,*,**,* *,,*,,,.#,,*,,*,*
,,,**,* *,,*,,,,.#*****,*
,*,,,,* *,,,,,*,..#####,*
,,,*,,***,*,,,*,,.....#,*
,,***,**,,,,*****#...,,,*
*,*
*,**,#.#######.##>#####
*,*
*,,,,.......@hSg#.#####
,,*
****,#.[..........#####
*** *,#########....#####
**,* ######....##### *,,*
######....##### *,**
######....##### *,*
######......### *,*
######......### *,*
######.#.#..###


You could see a hound, an adder and a hobgoblin.

Vanquished Creatures
  7 bats (D:1)
  2 endoplasms (D:1)
  3 goblins (D:1)
  2 hobgoblins (D:1)
  A quokka (D:1)
  A ball python (D:1)
  3 frilled lizards (D:1)
  3 kobolds (D:1)
  A rat (D:1)
23 creatures vanquished.

Notes
Turn   | Place    | Note
-------+----------+-------------------------------------------
     0 | D:1      | Arctor the Gnoll Hexslinger began the quest for the Orb.
     0 | D:1      | Reached XP level 1. HP: 17/17 MP: 4/4
    65 | D:1      | Reached XP level 2. HP: 23/23 MP: 5/5
   326 | D:1      | Reached XP level 3. HP: 28/28 MP: 7/7
   432 | D:2      | HP: 1/28 [adder (3)]
   433 | D:2      | Slain by a hound

Illustrated notes

Levels and vault maps discovered:
D:1:      roderic_crop_circles_arrival_small, layout_rooms
D:2:      layout_loops_ring, serial_glass, glass_columns_c, glass_columns_b,
          serial_shops, nicolae_shop_tiny_waterfront, basic_altar,
          hangedman_decor_push, kennysheep_minor_cross

Skill      XL: |  1 |
---------------+----+-----
Fire Magic     | 2 |  2.1
Fighting       | |  2.5
Short Blades   | |  0.6
Long Blades    | |  0.6
Axes           | |  0.6
Maces & Flails | |  0.6
Polearms       | |  0.6
Staves         | |  0.6
Ranged Weapons | |  4.5
Throwing       | |  0.6
Armour         | |  0.6
Dodging        | |  4.5
Stealth        | |  0.6
Shields        | |  0.6
Unarmed Combat | |  0.6
Spellcasting   | |  2.8
Conjurations   | |  0.4
Hexes          | |  5.4
Summonings     | |  0.4
Necromancy     | |  0.4
Translocations | |  0.4
Ice Magic      | |  0.4
Air Magic      | |  0.4
Earth Magic    | |  0.4
Alchemy        | |  0.4
Invocations    | |  0.8
Evocations     | |  0.6
Shapeshifting  | |  0.5

Action                     || total
---------------------------++-------
  Melee: Spear             ||    18
         Bite              ||     1
   Fire: Sling             ||    40
    Use: Scroll            ||     3
   Stab: Sleeping          ||     1
 Armour: Robe              ||    33
  Dodge: Dodged            ||    39
